 Dungeon Crawl Stone Soup version 0.29.0-5-ge4962eb29e (webtiles) character file.

Game seed: 10921512533829059680

15568 Spectrina the Hand of Fortune (level 12, 0/73 HPs)
             Began as a Deep Elf Monk on Aug 27, 2022.
             Was the Champion of Nemelex Xobeh.
             Slain by a cane toad (7 damage)
             ... on level 2 of the Lair of Beasts on Aug 28, 2022.
             The game lasted 01:26:30 (6470 turns).

Spectrina the Hand of Fortune (Deep Elf Monk)       Turns: 6470, Time: 01:26:31

Health: 0/73       AC: 18    Str: 12    XL:     12   Next: 2%
Magic:  0/26       EV: 12    Int: 17    God:    Nemelex Xobeh [******]
Gold:   640        SH:  0    Dex: 17    Spells: 11/11 levels left

rFire   . . .      SeeInvis .   t - +4 dagger (chaos)
rCold   . . .      Faith    .   (no shield)
rNeg    . . .      Spirit   +   Y - +0 acid dragon scales
rPois   .          Reflect  .   (no helmet)
rElec   .          Harm     .   T - +0 cloak
rCorr   +          Rampage  .   Z - +2 pair of gloves
Will    +....                   (no boots)
Stlth   +++++.....              a - amulet of guardian spirit
HPRegen 0.22/turn               N - +4 ring of protection
MPRegen 0.20/turn               x - +4 ring of protection

@: lethally poisoned (0 -> -19)
A: no striking features
a: Renounce Religion, Draw Escape, Draw Destruction, Draw Summoning, Triple
Draw, Deal Four, Stack Five


You were on level 2 of the Lair of Beasts.
You worshipped Nemelex Xobeh.
Nemelex Xobeh was exalted by your worship.
You visited 2 branches of the dungeon, and saw 12 of its levels.

You collected 640 gold pieces.

Inventory:

Hand Weapons
 e - a +0 vampiric rapier
 r - a +2 short sword of draining
 t - a +4 dagger of chaos (weapon)
 H - a +0 arbalest
 P - the +7 shortbow "Newtbane" {vorpal, rElec rF+ MP+9 Dex-5}
   (You took it off a gnoll on level 5 of the Dungeon)

   Any ammunition fired from it inflicts extra damage upon your enemies.
   Dex:       It affects your dexterity (-5).
   rF:        It protects you from fire.
   rElec:     It insulates you from electricity.
   MP:        It affects your magic capacity (+9).
 Q - a +1 sling of flaming
 S - a +3 scimitar of flaming
Missiles
 b - 4 atropa-tipped darts (quivered)
 j - 19 poisoned darts
 q - a curare-tipped dart
 I - a datura-tipped dart
Armour
 n - the +1 kite shield of Atti Inn {rC+ Str+4}
   (You found it on level 2 of the Dungeon)

   Str:       It affects your strength (+4).
   rC:        It protects you from cold.
 C - a +1 ring mail of fire resistance
 R - a +2 leather armour of cold resistance
 T - a +0 cloak (worn)
 Y - +0 acid dragon scales (worn)
 Z - a +2 pair of gloves (worn)
Magical Staves
 W - a staff of poison
Jewellery
 a - an amulet of guardian spirit (around neck)
 x - a +4 ring of protection (right hand)
 N - a +4 ring of protection (left hand)
 U - a ring of protection from fire
Wands
 E - a wand of paralysis (8)
 J - a wand of polymorph (29)
 L - a wand of flame (19)
Scrolls
 d - 3 scrolls of magic mapping {unknown}
 f - 4 scrolls of blinking {unknown}
 h - 5 scrolls of enchant weapon
 k - a scroll of acquirement
 l - 2 scrolls of immolation {unknown}
 m - a scroll of silence {unknown}
 o - 5 scrolls of teleportation
 p - a scroll of fear {unknown}
 s - a scroll of poison
 y - a scroll of enchant armour
 A - 4 scrolls of vulnerability
 B - 3 scrolls of amnesia {unknown}
 D - 2 scrolls of torment {unknown}
 F - 2 scrolls of summoning
 O - 2 scrolls of butterflies {unknown}
Potions
 c - 3 potions of ambrosia
 g - 2 potions of attraction
 u - 3 potions of might {unknown}
 v - a potion of magic
 w - a potion of curing
 z - a potion of berserk rage
 G - a potion of resistance
 K - a potion of haste
 M - 4 potions of heal wounds {unknown}
 V - 2 potions of flight {unknown}
 X - 3 potions of mutation {unknown}
Miscellaneous
 i - a phantom mirror


   Skills:
 + Level 7.7 Fighting
 - Level 3.0 Short Blades
 - Level 3.6 Dodging
 - Level 12.0 Stealth
 * Level 16.3 Invocations


You had 11 spell levels left.
You didn't know any spells.
Your spell library contained the following spells:

 Spells                   Type           Power      Damage    Failure   Level
 Freeze                   Ice            0%         1d3       34%         1
 Magic Dart               Conj           0%         1d3       34%         1
 Sandblast                Erth           0%         2d4       34%         1
 Call Imp                 Summ           0%         N/A       47%         2
 Ensorcelled Hibernation  Hex/Ice        0%         N/A       47%         2
 Confusing Touch          Hex            0%         N/A       71%         3
 Dazzling Flash           Conj/Hex       0%         N/A       71%         3
 Frozen Ramparts          Ice            0%         1d1       71%         3
 Mephitic Cloud           Conj/Pois/Air  0%         N/A       71%         3
 Spider Form              Tmut/Pois      0%         N/A       71%         3
 Anguish                  Hex/Necr       0%         N/A       98%         4
 Hailstorm                Conj/Ice       0%         3d3       98%         4
 Iskenderun's Mystic Bla  Conj/Tloc      0%         2d3       98%         4
 Agony                    Necr           0%         N/A       100%        5
 Silence                  Hex/Air        0%         N/A       100%        5
 Yara's Violent Unravell  Hex/Tmut       0%         3d3       100%        5
 Starburst                Conj/Fire      0%         6d3       100%        6
 Enfeeble                 Hex            0%         N/A       100%        7


Dungeon Overview and Level Annotations

Branches:
Dungeon (10/15)            Temple (0/1) D:5            Lair (2/5) D:10
    Orc (0/2) D:10
  Swamp: Lair:2-3    Shoals: Lair:2-3     Snake: Lair:2-3    Spider: Lair:2-3

Altars:
Kikubaaqudgha
Nemelex Xobeh
Sif Muna
Trog
Xom

Annotations:
D:7 Pikel
D:8 Maggie
D:10 1 transporter, Harold


Message History

The cane toad poisons you!
Okay, then.
You feel better.
The bullfrog hits the cane toad but does no damage.
Aiming: Polymorph
Press: ? - help, Shift-Dir - straight line, f/p - cane toad
Aim: a cane toad (heavily wounded, very poisoned, slow, will become a steam dragon, a blink frog, or a queen bee, chance to affect: 49%)
The cane toad resists with some effort.
The bullfrog closely misses the cane toad.
The cane toad stings you but does no damage.
The bullfrog hits the cane toad but does no damage.
Unknown command.
You hit the cane toad.
You feel better.
The cane toad is severely wounded.
The cane toad is no longer moving slowly.
The bullfrog closely misses the cane toad.
The cane toad stings you!
* * * LOW HITPOINT WARNING * * *
Unknown command.
Okay, then.
Okay, then.
Okay, then.
Aiming: Throw Flame
Press: ? - help, Shift-Dir - straight line, f/p - cane toad
Aim: a cane toad (severely wounded, very poisoned, 72% to hit)
The puff of flame hits the cane toad but does no damage.
The cane toad is severely wounded.
The bullfrog hits the cane toad but does no damage.
The cane toad stings you.
* * * LOW HITPOINT WARNING * * *
You are lethally poisoned!
The cane toad poisons you!
The bullfrog hits the cane toad.
Unknown command.
You completely miss the cane toad.
The cane toad is severely wounded.
* * * LOW HITPOINT WARNING * * *
You feel very sick. The cane toad stings you!
You die...
Your body glows with a rainbow of weird colours and disappears.

..##.##....#..#.##...#
#ยง..##...####..###...#
............D.FY.....#
...###.....#.##......#
#..# #...######.#....#
..####...# ####...# ..#
#....####### #...## .##
#....##.#.#.##F...#
######..........@F=..##
.........##..#.###...P#
........## ##.........##
#......#.# #...........#
....#...## ##..........P#
.......#####...........##
......................#.#
.....................####
...........##........#


You could see a cane toad (very poisoned) and a neutral bullfrog (distracted).

Vanquished Creatures
  3 two-headed ogres (D:10)
  Erica (D:10)
  A tengu warrior (D:10)
  An elephant (Lair:1)
  A moth of wrath (D:10)
  3 black mambas
  Psyche (D:8)
  2 cane toads
  A komodo dragon (Lair:1)
  A hellwing (Lair:1)
  2 trolls (D:10)
  A meliai (Lair:1)
  A shadow (D:10)
  A wyvern (D:10)
  A spriggan (Lair:1)
  A wraith (D:5)
  6 yaks (D:8)
  2 steam dragons
  An acid dragon (D:9)
  3 water moccasins
  An orc warrior (D:8)
  An ice beast (D:4)
  A sky beast (D:7)
  3 ogres
  2 wolves (Lair:2)
  A kobold brigand (D:9)
  2 phantoms (D:5)
  4 bullfrogs
  2 scorpions
  A wight (D:7)
  3 hounds (D:5)
  2 jellies
  Jessica (D:3)
  Terence (D:3)
  5 iguanas
  3 orc wizards
  6 gnolls
  11 adders
  2 shadow imps
  A white imp (D:3)
  An ufetubus (D:6)
  2 worms
  3 dart slugs
  17 orcs
  8 ball pythons
  4 bats
  11 endoplasms
  6 giant cockroaches
  10 goblins
  4 hobgoblins
  11 kobolds
  10 quokkas
  A frilled lizard (D:1)
  5 rats
180 creatures vanquished.

Vanquished Creatures (collateral kills)
  An emperor scorpion (Lair:1)
  A two-headed ogre (D:10)
  2 death yaks (Lair:1)
  The ghost of ProzacElf the Basher, a novice DsFi of Fedhas (D:10)
  Joseph (D:7)
  An orc warrior (D:6)
  2 ice beasts
  An ogre (D:6)
  A black bear (D:4)
  A centaur (D:7)
  A bullfrog (D:5)
  A scorpion (D:6)
  2 wights (D:7)
  6 killer bees (D:7)
  2 hounds (D:5)
  An orc priest (D:6)
  Crazy Yiuf (D:7)
  An iguana (D:5)
  4 orc wizards (D:6)
  2 gnolls (D:4)
  A dart slug (D:5)
  7 orcs
  An endoplasm (D:4)
  2 giant cockroaches (D:5)
  A frilled lizard (D:5)
45 creatures vanquished.

Vanquished Creatures (others)
  An orc warrior (D:6)
  A bullfrog (Lair:2)
  Natasha (D:4)
  A dart slug (D:5)
  9 fungi
  6 plants
19 creatures vanquished.

Grand Total: 244 creatures vanquished

Notes
Turn   | Place    | Note
-------+----------+-------------------------------------------
     0 | D:1      | Spectrina the Deep Elf Monk began the quest for the Orb.
     0 | D:1      | Reached XP level 1. HP: 13/13 MP: 3/3
   181 | D:1      | Reached XP level 2. HP: 9/18 MP: 4/4
   252 | D:1      | Found a faded altar of an unknown god.
   256 | D:1      | Got Plato's Lessons on the Rocks
   257 | D:1      | Prayed at the altar of an unknown god.
   257 | D:1      | Became a worshipper of Nemelex Xobeh the Trickster
   257 | D:1      | Reached * piety under Nemelex Xobeh
   257 | D:1      | Received a gift from Nemelex Xobeh
   257 | D:1      | Reached ** piety under Nemelex Xobeh
   257 | D:1      | Received a gift from Nemelex Xobeh
   510 | D:1      | Reached *** piety under Nemelex Xobeh
   586 | D:2      | Reached XP level 3. HP: 16/22 MP: 5/5
   600 | D:2      | Identified the +1 kite shield of Atti Inn {rC+ Str+4}
   627 | D:2      | Reached skill level 1 in Invocations
   933 | D:2      | Reached skill level 2 in Invocations
   944 | D:2      | Received a gift from Nemelex Xobeh
   989 | D:2      | Reached XP level 4. HP: 7/27 MP: 7/7
  1161 | D:2      | Reached **** piety under Nemelex Xobeh
  1328 | D:5      | Entered Level 5 of the Dungeon
  1382 | D:4      | Reached skill level 5 in Stealth
  1382 | D:4      | Reached skill level 3 in Invocations
  1425 | D:4      | Noticed a scorpion
  1429 | D:4      | Killed a scorpion
  1430 | D:4      | Reached XP level 5. HP: 31/31 MP: 9/9
  1445 | D:4      | Reached skill level 4 in Invocations
  1541 | D:3      | Noticed Jessica
  1548 | D:3      | Killed Jessica
  1664 | D:3      | Noticed Terence
  1669 | D:3      | Killed Terence
  1670 | D:3      | Reached XP level 6. HP: 14/36 MP: 11/11
  2134 | D:4      | Reached skill level 5 in Invocations
  2215 | D:4      | Noticed Natasha
  2246 | D:4      | Received a gift from Nemelex Xobeh
  2293 | D:4      | Killed Natasha
  2309 | D:4      | Noticed an ice beast
  2515 | D:4      | HP: 1/36 [ice beast (3)]
  2517 | D:4      | Killed an ice beast
  2518 | D:4      | Reached skill level 6 in Invocations
  2518 | D:4      | Reached XP level 7. HP: 1/40 MP: 13/13
  2629 | D:4      | Reached ***** piety under Nemelex Xobeh
  3084 | D:6      | Received a gift from Nemelex Xobeh
  3138 | D:6      | Reached skill level 7 in Invocations
  3245 | D:6      | Reached XP level 8. HP: 15/45 MP: 15/15
  3252 | D:6      | Reached skill level 8 in Invocations
  3618 | D:5      | Received a gift from Nemelex Xobeh
  3692 | D:5      | Reached skill level 9 in Invocations
  4078 | D:5      | Found a staircase to the Ecumenical Temple.
  4117 | D:5      | Reached skill level 10 in Invocations
  4169 | D:5      | Reached XP level 9. HP: 5/49 MP: 5/18
  4194 | D:5      | Identified the +7 shortbow "Newtbane" {vorpal, rElec rF+
                  | MP+9 Dex-5}
  4299 | D:7      | Found a shimmering blue altar of Sif Muna.
  4376 | D:7      | Found a shimmering altar of Xom.
  4422 | D:7      | Noticed Joseph
  4431 | D:7      | Reached skill level 10 in Stealth
  4432 | D:7      | Killed Joseph
  4478 | D:7      | Found a runed translucent door.
  4479 | D:7      | Noticed Crazy Yiuf
  4484 | D:7      | Killed Crazy Yiuf
  4509 | D:7      | Reached skill level 11 in Invocations
  4558 | D:7      | Received a gift from Nemelex Xobeh
  4647 | D:7      | Noticed Pikel
  4709 | D:9      | Noticed a skeletal warrior
  4709 | D:9      | Noticed a skeletal warrior
  4771 | D:8      | Noticed Maggie
  4909 | D:8      | Found an ancient bone altar of Kikubaaqudgha.
  4918 | D:8      | Reached skill level 12 in Invocations
  4918 | D:8      | Reached XP level 10. HP: 13/57 MP: 11/21
  5099 | D:8      | Noticed Psyche
  5104 | D:8      | Killed Psyche
  5114 | D:8      | Received a gift from Nemelex Xobeh
  5173 | D:10     | Entered Level 10 of the Dungeon
  5179 | D:10     | Noticed Erica
  5637 | D:10     | Found a staircase to the Lair.
  5664 | D:10     | Killed Erica
  5665 | D:10     | Reached skill level 5 in Fighting
  5665 | D:10     | Reached skill level 13 in Invocations
  5672 | D:10     | Received a gift from Nemelex Xobeh
  5685 | D:10     | Found a transporter.
  5698 | D:10     | Noticed a two-headed ogre
  5700 | D:10     | Found a bloodstained altar of Trog.
  5702 | D:10     | Noticed a moth of wrath
  5702 | D:10     | Noticed ProzacElf's ghost (novice DsFi)
  5702 | D:10     | Noticed a tengu warrior
  5702 | D:10     | Noticed a two-headed ogre
  5704 | D:10     | Killed a tengu warrior
  5705 | D:10     | Found a transporter.
  5705 | D:10     | Noticed a two-headed ogre
  5705 | D:10     | Noticed a two-headed ogre
  5706 | D:10     | Killed a two-headed ogre
  5707 | D:10     | Found a staircase to the Orcish Mines.
  5708 | D:10     | Killed a two-headed ogre
  5712 | D:10     | Killed a moth of wrath
  5712 | D:10     | Killed a two-headed ogre
  5713 | D:10     | Reached skill level 14 in Invocations
  5713 | D:10     | Reached XP level 11. HP: 64/64 MP: 23/23
  5719 | D:10     | Killed ProzacElf's ghost
  5720 | D:10     | Killed a two-headed ogre
  5749 | D:10     | Noticed Harold
  5906 | Lair:1   | Entered Level 1 of the Lair of Beasts
  5929 | Lair:1   | Reached skill level 15 in Invocations
  5933 | Lair:1   | Noticed a death yak
  5934 | Lair:1   | Noticed a death yak
  5936 | Lair:1   | Noticed a death yak
  5969 | Lair:1   | Received a gift from Nemelex Xobeh
  5969 | Lair:1   | Killed a death yak
  5980 | Lair:1   | Noticed an emperor scorpion
  5980 | Lair:1   | a death yak changed into an emperor scorpion
  5992 | Lair:1   | Killed an emperor scorpion
  5998 | Lair:1   | Killed a death yak
  6023 | Lair:1   | Identified a scroll of acquirement
  6086 | Lair:1   | Reached ****** piety under Nemelex Xobeh
  6147 | Lair:1   | Reached skill level 16 in Invocations
  6179 | Lair:1   | Noticed Amaemon
  6182 | Lair:1   | Noticed Amaemon
  6182 | Lair:1   | Amaemon changed into Amaemon the meliai
  6183 | Lair:1   | Killed Amaemon the meliai
  6257 | Lair:2   | Received a gift from Nemelex Xobeh
  6258 | Lair:2   | Upgraded the game from 0.29.0-4-gdea44cf6ec to
                  | 0.29.0-5-ge4962eb29e
  6379 | Lair:2   | Reached XP level 12. HP: 73/73 MP: 26/26
  6470 | Lair:2   | Slain by a cane toad

Illustrated notes

Levels and vault maps discovered:
D:1:      roderic_dead_forest, layout_basic,
          shapermc_ecumenical_altar_rom_forum, minmay_crystal_room,
          minmay_misc_feat_more_columns, minmay_misc_feat_x
D:2:      layout_basic
D:3:      layout_rooms, uniq_terence, uniq_jessica
D:4:      layout_loops_ring, uniq_natasha
D:5:      minmay_octagon_keep, layout_cave_pods, minmay_temple_entry_overgrown
D:6:      layout_basic
D:7:      layout_cave_pools, mainiacjoe_overflow_alcove_2, lemuel_round_altar,
          minmay_misc_feat_room, minmay_diced_spiral, uniq_joseph, uniq_pikel,
          uniq_crazy_yiuf_cottage
D:8:      layout_basic, mainiacjoe_overflow_paths, uniq_prince_ribbit1,
          uniq_psyche, uniq_maggie
D:9:      layout_stronghold, lemuel_tele_altar
D:10:     layout_basic, old_standard_altar, lair_entry_dummy, orc_0_dummy,
          gammafunk_ghost_wrathful_warriors, hangedman_decor_peaks_small,
          reono_crystal_passage, uniq_harold, uniq_lodul, uniq_erica
Lair:1:   layout_roguey [special_room_bee], grunt_forest_large_clearing_hut,
          infiniplex_staircase_pool_2, uniq_amaemon
Lair:2:   layout_gridlike, grunt_megastairs_2

Skill      XL: |  1  2  3  4  5  6  7  8  9 10 11 |
---------------+----------------------------------+-----
Stealth        | 3 4 5 6 8 9 11 12 | 12.0
Invocations    | 2 3 4 6 7 10 12 14 16 | 16.3
Fighting       | 4 6 7 |  7.7
Short Blades   | |  3.0
Dodging        | |  3.6

Action                   |  1- 3 |  4- 6 |  7- 9 | 10-12 || total
-------------------------+-------+-------+-------+-------++-------
Melee: Short sword       |   109 |   193 |   175 |    82 ||   559
       Whip              |       |       |    32 |       ||    32
       Punch             |       |       |     1 |     4 ||     5
       Dagger            |       |       |       |    81 ||    81
 Fire: Shortbow          |       |       |    26 |     2 ||    28
Throw: Dart              |     5 |    22 |    15 |    19 ||    61
Invok: Draw Destruction  |     3 |    11 |    10 |    13 ||    37
       Draw Escape       |       |     4 |     5 |     6 ||    15
       Draw Summoning    |       |     1 |     5 |     5 ||    11
       Deal Four         |       |       |     1 |       ||     1
Evoke: Wand              |       |       |     4 |    13 ||    17
  Use: Scroll            |       |       |       |    12 ||    12
       Potion            |       |       |       |     3 ||     3
 Stab: Sleeping          |     8 |    15 |     3 |    14 ||    40
       Distracted        |     1 |       |       |       ||     1
       Invisible         |       |       |     2 |       ||     2
       Paralysed         |       |       |       |     1 ||     1
Armor: Robe              |    17 |     8 |       |       ||    25
       Scale mail        |       |    31 |     3 |       ||    34
       Ring mail         |       |       |    89 |     4 ||    93
       Acid dragon scale |       |       |       |   133 ||   133
Dodge: Dodged            |    49 |    58 |   144 |   100 ||   351
Block: Kite shield       |    17 |    62 |    71 |       ||   150
